 Dungeon Crawl Stone Soup version 0.26-a0-926-g43279f1ce9 (webtiles) character file.

Game seed: 1211598513511186121

4927 Ijustatesigmund the Cleaver (level 10, -9/71 HPs)
             Began as an Octopode Fighter on Nov 26, 2020.
             Was a High Priest of Cheibriados.
             Mangled by Psyche
             ... wielding a +1 dagger of chaos
              (10 damage)
             ... while petrified by Psyche
             ... on level 10 of the Dungeon.
             The game lasted 00:15:31 (9458 turns).

Ijustatesigmund the Cleaver (Octopode Fighter)      Turns: 9458, Time: 00:15:33

Health: -9/71      AC:  1    Str: 30    XL:     10   Next: 52%
Magic:  15/15      EV:  2    Int: 26    God:    Cheibriados [*****.]
Gold:   463        SH:  0    Dex: 27    Spells: 9/9 levels left

rFire    . . .     SeeInvis .   a - +1 war axe
rCold    + . .     Faith    .   b - +1 kite shield
rNeg     + + +     Spirit   .   (helmet restricted)
rPois    ∞         Reflect  .   (no amulet)
rElec    .         Harm     .   m - ring of protection from cold
rCorr    .         Rampage  .   (no ring)
MR       .....                  (no ring)
Stlth    ++++......             (no ring)
HPRegen  0.21/turn              (no ring)
MPRegen  0.14/turn              (no ring)
                                (no ring)
                                (no ring)

@: petrified, drained, very slow
A: almost no armour, stealthy swim, amphibious, 8 rings, constrict 8, camouflage
1, gelatinous body 1
a: Bend Time, Temporal Distortion, Slouch, Step From Time, Renounce Religion


You were on level 10 of the Dungeon.
You worshipped Cheibriados.
Cheibriados was extremely pleased with you.
You visited 1 branch of the dungeon, and saw 10 of its levels.

You collected 463 gold pieces.

Inventory:

Hand Weapons
 a - a +1 war axe (weapon)
Missiles
 j - 16 poisoned darts
Armour
 b - a +1 kite shield (worn)
Jewellery
 c - an uncursed ring of ice
 m - a ring of protection from cold (left tentacle)
Wands
 n - a wand of paralysis (10)
Scrolls
 d - 5 scrolls of identify
 e - 4 scrolls of remove curse
 f - 2 scrolls of amnesia
 o - a scroll of fear
 q - a scroll of immolation
Potions
 g - 3 potions of attraction
 h - 2 potions of curing
 i - 3 potions of flight
 k - a potion of might
 l - a potion of ambrosia
 p - a potion of resistance


   Skills:
 + Level 7.4(6.6) Fighting
 + Level 8.0(7.2) Axes
 + Level 6.6(5.8) Dodging
 - Level 4.1(3.4) Stealth
 + Level 6.7(5.9) Shields
 + Level 7.1(6.3) Invocations


You had 9 spell levels left.
You didn't know any spells.
Your spell library contained the following spells:

 Spells                   Type           Power        Failure   Level
 Magic Dart               Conj           #...         38%         1
 Blink                    Tloc           N/A          52%         2
 Call Imp                 Summ           #.......     52%         2
 Slow                     Hex            #.......     52%         2
 Confusing Touch          Hex            #.......     77%         3
 Conjure Flame            Conj/Fire      #.......     77%         3
 Gell's Gravitas          Tloc           #.........   77%         3
 Mephitic Cloud           Conj/Pois/Air  #.......     77%         3
 Petrify                  Tmut/Erth      #.......     99%         4
 Metabolic Englaciation   Hex/Ice        #.........   100%        5
 Yara's Violent Unravell  Hex/Tmut       #.........   100%        5


Dungeon Overview and Level Annotations

Branches:
Dungeon (10/15)            Temple (0/1) D:5
   Lair: D:8-11         Orc: D:9-12

Altars:
Cheibriados
Dithmenos
Gozag
Kikubaaqudgha
Makhleb
Nemelex Xobeh
Okawaru
Qazlal
Sif Muna
Vehumet
Wu Jian
Xom
Zin

Shops:
D:5 [[[[   D:8 [

Annotations:
D:9 2 transporters
D:10 Psyche


Innate Abilities, Weirdness & Mutations

You cannot wear most types of armour.
You are very stealthy in the water. (Stealth+)
You are amphibious.
You can wear up to eight rings at the same time.
You can use your tentacles to constrict eight enemies at once.
Your skin changes colour to match your surroundings (Stealth+).
Your rubbery body absorbs attacks. (AC +1, EV +1)


Message History

* * * LOW HITPOINT WARNING * * *
The water moccasin barely misses you. The water moccasin closely misses you.
Psyche hits you but does no damage. The water moccasin closely misses you.
The water moccasin bites you.
* * * LOW HITPOINT WARNING * * *
Psyche barely misses you.
You have turned to stone.
The water moccasin bites you.
* * * LOW HITPOINT WARNING * * *
Psyche says, "I'll kill you and take you home."
Psyche hits you but does no damage. The yak gores you!
* * * LOW HITPOINT WARNING * * *
A yak comes into view.
The water moccasin bites you!
* * * LOW HITPOINT WARNING * * *
The water moccasin bites you!
* * * LOW HITPOINT WARNING * * *
Psyche hits you with a +1 dagger of chaos.
* * * LOW HITPOINT WARNING * * *
You are electrocuted!!
You die...

#####+####
#........#
#.?.Y....+
#..@@s...#
+..SSl.....#
#...>l...#..
#..........♣
###+####....
..Y. ... ♣.


You could see Psyche (fast), 2 yaks, a basilisk, 2 water moccasins, a wyvern and
a scorpion.

Vanquished Creatures
  Maggie (D:9)
  A red devil (D:9)
  A hornet (D:8)
  A wyvern (D:8)
  A yak (D:10)
  Eustachio (D:6)
  The ghost of Thargor the Cudgeller, an amateur GrGl (D:3)
  5 black bears
  2 phantoms
  2 sky beasts
  An orc warrior (D:8)
  3 centaurs
  5 ogres
  A big kobold (D:7)
  3 bullfrogs
  A gnoll sergeant (D:6)
  A water moccasin zombie (D:6)
  3 scorpions
  3 wights (D:10)
  A howler monkey (D:4)
  A bullfrog zombie (D:7)
  A quasit (D:8)
  A centaur zombie (D:8)
  3 orc priests
  5 hounds
  3 jellies
  10 orc wizards
  A centaur skeleton (D:5)
  4 iguanas
  6 worker ants
  2 hound skeletons
  A worker ant zombie (D:5)
  10 gnolls
  16 adders
  2 shadow imps
  A white imp (D:9)
  3 ufetubi
  3 oozes
  An adder zombie (D:6)
  2 adder skeletons (D:5)
  4 worms
  5 dart slugs
  11 leopard geckos
  31 orcs
  3 giant cockroaches
  4 goblins
  10 hobgoblins
  12 jackals
  16 kobolds
  9 quokkas
  3 ball pythons
  A ball python skeleton (D:4)
  10 bats
  9 frilled lizards
  2 quokka skeletons
  7 rats
251 creatures vanquished.

Vanquished Creatures (others)
  An adder zombie (D:9)
  A fungus (D:10)
  8 plants (D:10)
10 creatures vanquished.

Grand Total: 261 creatures vanquished

Notes
Turn   | Place    | Note
-------+----------+-------------------------------------------
     0 | D:1      | Ijustatesigmund the Octopode Fighter began the quest for
                  | the Orb.
     0 | D:1      | Reached XP level 1. HP: 16/16 MP: 1/1
   108 | D:1      | Reached XP level 2. HP: 21/21 MP: 2/2
   231 | D:1      | Reached skill level 3 in Axes
   232 | D:1      | Reached XP level 3. HP: 11/26 MP: 3/3
  1143 | D:2      | Found a snail-covered altar of Cheibriados.
  1148 | D:2      | Became a worshipper of Cheibriados the Contemplative
  1214 | D:2      | Found an opulent altar of Gozag.
  1246 | D:2      | Found a radiant altar of Vehumet.
  1509 | D:2      | Reached XP level 4. HP: 32/32 MP: 4/4
  1546 | D:2      | Found a glowing silver altar of Zin.
  1656 | D:2      | Reached * piety under Cheibriados
  1832 | D:2      | Reached skill level 1 in Invocations
  2349 | D:3      | Reached skill level 4 in Axes
  2355 | D:3      | Reached XP level 5. HP: 35/37 MP: 5/5
  2359 | D:3      | Reached ** piety under Cheibriados
  2515 | D:3      | Found a faded altar of an unknown god.
  2806 | D:3      | Noticed a phantom
  3085 | D:4      | Reached XP level 6. HP: 43/43 MP: 7/7
  3154 | D:4      | Reached skill level 5 in Axes
  3366 | D:4      | Found a glowing drain.
  3502 | D:4      | Reached *** piety under Cheibriados
  3696 | D:5      | Entered Level 5 of the Dungeon
  3816 | D:5      | Found Wemomovu's Antique Armour Shoppe.
  3851 | D:5      | Found a staircase to the Ecumenical Temple.
  3872 | D:5      | Found Agho's Armour Emporium.
  3879 | D:5      | Reached XP level 7. HP: 47/49 MP: 9/9
  4112 | D:3      | Found a runed translucent door.
  4115 | D:3      | Noticed Thargor's ghost (amateur GrGl)
  4134 | D:3      | Killed Thargor's ghost
  4135 | D:3      | Reached skill level 5 in Fighting
  4941 | D:5      | Reached XP level 8. HP: 44/55 MP: 10/10
  5109 | D:5      | Found a stormy altar of Qazlal.
  5148 | D:5      | Found Juguz's Armour Shop.
  5185 | D:5      | Found Sanloabo's Armour Boutique.
  5254 | D:6      | Reached skill level 6 in Axes
  5409 | D:7      | Reached skill level 1 in Stealth
  5714 | D:6      | Reached **** piety under Cheibriados
  6064 | D:6      | Found a shimmering blue altar of Sif Muna.
  6066 | D:6      | Found an ancient bone altar of Kikubaaqudgha.
  6488 | D:6      | Found an iron altar of Okawaru.
  6497 | D:6      | Reached XP level 9. HP: 62/62 MP: 12/12
  6502 | D:6      | Reached skill level 5 in Invocations
  6641 | D:6      | Noticed Eustachio
  6644 | D:6      | Found a sparkling altar of Nemelex Xobeh.
  6646 | D:6      | Found a shadowy altar of Dithmenos.
  6650 | D:6      | Killed Eustachio
  6651 | D:6      | Reached skill level 5 in Dodging
  6651 | D:6      | Reached skill level 5 in Shields
  6820 | D:7      | Reached ***** piety under Cheibriados
  7058 | D:7      | Reached skill level 7 in Axes
  7630 | D:8      | Noticed a hornet
  7785 | D:8      | Killed a hornet
  7864 | D:8      | Found Enaarun's Armour Emporium.
  7869 | D:8      | Found an ornate altar of the Wu Jian Council.
  7883 | D:8      | Reached XP level 10. HP: 69/69 MP: 14/14
  8443 | D:9      | Noticed an orange demon
  8465 | D:9      | Found a burning altar of Makhleb.
  8584 | D:9      | Noticed a manticore
  8585 | D:9      | Noticed Maggie
  8595 | D:9      | Killed Maggie
  8903 | D:9      | Noticed a hell beast
  8907 | D:9      | Noticed a rust devil
  8916 | D:9      | Noticed a rust devil
  8961 | D:9      | Noticed a fire crab
  8965 | D:9      | Found a transporter.
  9006 | D:9      | Found a transporter.
  9020 | D:9      | Noticed a cyclops
  9043 | D:9      | Reached skill level 8 in Axes
  9091 | D:9      | Found a shimmering altar of Xom.
  9092 | D:9      | Found a shimmering altar of Xom.
  9092 | D:9      | Found a shimmering altar of Xom.
  9092 | D:9      | Found a shimmering altar of Xom.
  9093 | D:9      | Found a shimmering altar of Xom.
  9272 | D:9      | Noticed a moth of wrath
  9273 | D:9      | Noticed a mana viper
  9273 | D:9      | Noticed a manticore
  9273 | D:9      | a mana viper changed into a manticore
  9273 | D:9      | Noticed a water nymph
  9273 | D:9      | a manticore changed into a water nymph
  9341 | D:9      | Noticed an elephant
  9429 | D:9      | Noticed a mana viper
  9445 | D:10     | Entered Level 10 of the Dungeon
  9452 | D:10     | Noticed Psyche
  9458 | D:10     | HP: 2/71 [water moccasin (4)]
  9458 | D:10     | Mangled by Psyche

Illustrated notes

Levels and vault maps discovered:
D:1:      dpeg_arrival_arbitrary_a, layout_basic
D:2:      minmay_inner_zag, layout_basic,
          nicolae_gozag_cash_rules_everything_around_me, vehumet_crystals,
          marbit_many_paths, zin_academy, serial_corexii_hall,
          corexii_hall_statues_deadend, corexii_hall_statues_l,
          corexii_hall_statues_deadend, corexii_hall_statues_deadend,
          chequers_hall_statues_y, chequers_hall_statues_wall_a
D:3:      layout_rooms, chequers_ecumenical_altar_island, ebering_ghost_sewer_d
D:4:      layout_cave_pools, cheibrodos_sewer_entry_bend
D:5:      layout_rooms, kennysheep_little_box, temple_green, serial_shops, shop,
          shop, nicolae_shop_behind_doors, kennysheep_mini
D:6:      layout_basic, nicolae_overflow_hidden_temple, okawaru_trees_1,
          uniq_eustachio
D:7:      layout_loops_ring, kennysheep_nondescript
D:8:      layout_rooms, old_standard_altar, serial_shops, shop,
          hangedman_decor_riveting
D:9:      gammafunk_the_bubble [the_bubble_gammafunk_plus_minus],
          layout_loops_ring, xom_shifter_show, lemuel_hellish_altar, uniq_maggie
D:10:     layout_roguey, minmay_lair_entry_grove, uniq_psyche

Skill      XL: |  1  2  3  4  5  6  7  8  9 10 |
---------------+-------------------------------+-----
Axes           | 3 4 5 6 7 8 |  8.0
Invocations    | 1 2 3 4 6 7 |  7.1
Fighting       | 4 5 6 7 |  7.4
Dodging        | 4 5 6 |  6.6
Shields        | 4 6 |  6.7
Stealth        | 3 4 |  4.1

Action                   |  1- 3 |  4- 6 |  7- 9 | 10-12 || total
-------------------------+-------+-------+-------+-------++-------
Melee: War axe           |    54 |   115 |   199 |    65 ||   433
       Constrict         |    20 |    33 |    46 |    14 ||   113
       Tentacles         |    12 |    34 |    56 |    22 ||   124
Invok: Bend Time         |       |       |     4 |       ||     4
       Slouch            |       |       |     2 |     1 ||     3
Evoke: Wand              |       |       |       |     2 ||     2
  Use: Potion            |     2 |     1 |     1 |     2 ||     6
       Scroll            |     6 |     4 |     5 |     2 ||    17
 Stab: Sleeping          |     5 |    13 |    14 |    13 ||    45
       Distracted        |       |       |     1 |     1 ||     2
       Paralysed         |       |       |       |     3 ||     3
Armor: Skin              |     9 |     9 |     4 |     8 ||    30
Dodge: Dodged            |    14 |    38 |    86 |    44 ||   182
Block: Kite shield       |    29 |    38 |   109 |    53 ||   229

Table legend: (Time is in decaauts)
 A = Elapsed time spent in this place.
 B = Non-inter-level travel time spent in this place.
 C = Inter-level travel time spent in this place.
 D = Time resting spent in this place.
 E = Time spent auto-exploring this place.
 F = Levels seen in this place.
 G = Mean time per level.
                   A        B        C        D        E       F      G
               +--------+--------+--------+--------+--------+-----+--------+
         Total |  12234 |  11741 |    493 |   2573 |   7160 |  10 | 1223.4 |
       Dungeon |  12234 |  11741 |    493 |   2573 |   7160 |  10 | 1223.4 |
               +--------+--------+--------+--------+--------+-----+--------+

Top non-repeatable levels by time:
     D:7: 2036 daAuts
     D:9: 1666 daAuts
     D:2: 1442 daAuts
     D:3: 1429 daAuts
     D:4: 1217 daAuts
     D:6: 1170 daAuts
     D:8: 1142 daAuts
     D:1: 1078 daAuts
     D:5: 1032 daAuts
    D:10: 17 daAuts
